AoeStats
← SyL1on

Lombardia

508092823Analyzed
4v4 RM · 12d ago on Sep 20, 2026· 44m 10s· 8 players
Game mode
Random Map
Map size
Large (8 player)
Population
200
Speed
Normal
Resources
Standard
Victory
Conquest
Starting age
Dark Age
Ending age
Imperial Age
RankedLock teamsTeams togetherTeam positionsShared explorationLock speedFull tech treeHidden civsTurbo modeCheats
Victory
Defeat
🇪🇸 Koreans · Spain
1082
+14
🇺🇸 Spanish · United States
1055
+15
🇲🇽 Magyars · Mexico
1037
+16
🇨🇴 Celts · Colombia
1011
+17
🇨🇱 Spanish · Chile
1104
-19
🇷🇴 Burgundians · Romania
1048
-16
🇮🇹 Wu · Italy
1000
-14
🇪🇸 Britons · Spain
984
-36
DerkerTheBerserker
5:07 Loom
11:00 Feudal Age
16:02 Town Watch
16:05 Double-Bit Axe
18:57 Castle Age
18:28 Scale Barding Armor
21:18 Wheelbarrow
22:31 Bow Saw
25:04 Hand Cart
27:31 Forging
27:21 Scale Mail Armor
27:41 Chain Barding Armor
26:48 Pikeman
27:52 Ballistics
27:33 Gold Mining
28:42 Fortified Wall
28:45 Masonry
30:30 Town Patrol
31:51 Squires
32:32 Stone Mining
36:33 Imperial Age
34:40 Stone Shaft Mining
34:26 Arson
36:03 Iron Casting
35:43 Chain Mail Armor
35:18 Fletching
36:35 Halberdier
37:43 Conscription
37:44 Bloodlines
36:55 Cavalier
37:36 Husbandry
39:22 Caravan
39:34 Guilds
40:43 Blast Furnace
39:19 Light Cavalry
43:02 Chemistry
42:32 Architecture
41:27 Capped Ram
43:01 Plate Barding Armor
Catkiller
10:00 Feudal Age
11:55 Loom
14:41 Castle Age
13:29 Double-Bit Axe
13:26 Horse Collar
15:03 Gold Mining
20:11 Wheelbarrow
20:11 Bow Saw
21:40 Stone Mining
24:02 Heavy Plow
29:23 Imperial Age
27:52 Gold Shaft Mining
27:37 Fletching
27:31 Treadmill Crane
28:13 Ballistics
28:11 Hand Cart
27:43 Town Watch
29:03 Stone Shaft Mining
28:43 Bodkin Arrow
29:20 Eupseong
29:36 Masonry
30:24 Bracer
30:13 Arrowslits
32:11 Chemistry
31:36 Conscription
31:16 Elite Skirmisher
32:24 Caravan
33:16 Architecture
34:31 Two-Man Saw
33:56 Town Patrol
35:10 Thumb Ring
43:51 Siege Engineers
43:43 Murder Holes
Rasslord
0:29 Loom
12:00 Feudal Age
14:13 Horse Collar
14:21 Double-Bit Axe
19:18 Castle Age
19:34 Wheelbarrow
18:45 Town Watch
21:46 Husbandry
26:25 Gold Mining
26:31 Stone Mining
30:05 Scale Barding Armor
30:00 Scale Mail Armor
30:01 Padded Archer Armor
32:08 Gold Shaft Mining
32:32 Chain Barding Armor
32:49 Chain Mail Armor
32:49 Leather Archer Armor
32:25 Fletching
33:22 Bloodlines
32:33 Light Cavalry
35:05 Heavy Plow
35:29 Bow Saw
37:33 Bodkin Arrow
41:31 Imperial Age
39:17 Hand Cart
39:03 Town Patrol
41:40 Cavalier
41:40 Hussar
43:04 Plate Barding Armor
42:30 Bracer
DonDD
3:55 Loom
11:24 Feudal Age
16:36 Castle Age
15:01 Double-Bit Axe
15:34 Horse Collar
16:17 Gold Mining
22:53 Wheelbarrow
25:15 Heavy Plow
26:46 Hand Cart
31:28 Imperial Age
29:28 Forging
30:09 Scale Mail Armor
31:10 Chain Mail Armor
31:38 Iron Casting
35:28 Plate Mail Armor
34:27 Heavy Scorpion
35:20 Caravan
35:21 Capped Ram
36:40 Coinage
36:42 Stone Mining
39:05 Blast Furnace
39:05 Furor Celtica
39:16 Fletching
39:41 Padded Archer Armor
39:09 Siege Ram
41:12 Scale Barding Armor
41:45 Banking
41:27 Elite Woad Raider
43:54 Town Watch
44:12 Bodkin Arrow
wallacebru
11:01 Loom
12:55 Feudal Age
18:18 Castle Age
16:56 Forging
16:47 Scale Mail Armor
18:10 Double-Bit Axe
19:24 Wheelbarrow
18:45 Horse Collar
21:22 Iron Casting
21:03 Chain Mail Armor
22:45 Arson
25:35 Bow Saw
28:22 Gold Mining
33:03 Pikeman
33:46 Squires
39:15 Hand Cart
41:31 Padded Archer Armor
41:21 Fletching
42:39 Leather Archer Armor
42:46 Bodkin Arrow
43:34 Red Cliffs Tactics
44:40 Ballistics
44:13 Heated Shot
ernanodetriana
8:40 Loom
10:25 Feudal Age
12:08 Double-Bit Axe
15:36 Castle Age
14:24 Horse Collar
16:41 Bow Saw
22:03 Fletching
22:38 Crossbowman
23:40 Gold Mining
24:29 Wheelbarrow
25:15 Padded Archer Armor
26:22 Gold Shaft Mining
25:50 Heavy Plow
26:30 Bodkin Arrow
27:56 Leather Archer Armor
28:16 Hand Cart
27:49 Town Watch
29:04 Scale Mail Armor
30:25 Town Patrol
30:47 Stone Mining
32:35 Ballistics
32:02 Treadmill Crane
35:53 Imperial Age
34:27 Elite Skirmisher
37:51 Two-Man Saw
38:28 Chemistry
37:31 Bracer
38:02 Ring Archer Armor
37:24 Arbalester
39:44 Forging
39:50 Chain Mail Armor
39:40 Scale Barding Armor
40:26 Conscription
40:29 Yeomen
41:15 Pikeman
41:56 Squires
41:42 Arson
41:42 Gambesons
41:54 Halberdier
43:12 Iron Casting
43:07 Plate Mail Armor
42:58 Chain Barding Armor
42:57 Caravan
45:50 Blast Furnace
Martineitor
3:32 Loom
12:19 Feudal Age
13:55 Town Watch
16:47 Castle Age
14:37 Double-Bit Axe
14:54 Horse Collar
16:26 Gold Mining
16:28 Stone Mining
17:45 Bow Saw
21:52 Husbandry
22:16 Bloodlines
24:36 Wheelbarrow
25:46 Town Watch
31:44 Hand Cart
31:58 Padded Archer Armor
35:27 Imperial Age
33:42 Leather Archer Armor
34:43 Scale Barding Armor
34:28 Fletching
34:49 Forging
34:34 Light Cavalry
35:54 Ballistics
37:08 Chemistry
36:31 Chain Barding Armor
36:44 Ring Archer Armor
35:44 Hussar
39:43 Plate Barding Armor
39:18 Forging
39:00 Cavalier
40:29 Bodkin Arrow
41:17 Paladin
43:11 Masonry
SyL1on
8:56 Feudal Age
7:45 Double-Bit Axe
8:35 Horse Collar
10:03 Wheelbarrow
10:40 Bow Saw
10:30 Heavy Plow
10:37 Heavy Plow
17:46 Castle Age
17:49 Hand Cart
19:36 Two-Man Saw
19:25 Crop Rotation
28:26 Stone Mining
28:27 Gold Mining
30:25 Caravan
30:55 Coinage
30:35 Guilds
32:38 Gold Shaft Mining
32:38 Stone Shaft Mining
31:58 Town Watch
31:59 Loom
32:22 Scale Barding Armor
32:17 Scale Mail Armor
32:27 Forging
35:02 Imperial Age
33:59 Scale Barding Armor
33:54 Scale Mail Armor
34:04 Forging
36:05 Town Patrol
36:39 Banking
36:20 Guilds
36:32 Chain Barding Armor
36:28 Chain Mail Armor
36:48 Iron Casting
37:15 Burgundian Vineyards
36:31 Elite Coustillier
39:01 Hoardings
39:39 Plate Mail Armor
39:44 Plate Barding Armor
39:00 Fletching
39:10 Padded Archer Armor
39:24 Light Cavalry
42:01 Chemistry
41:12 Masonry
40:57 Murder Holes
41:13 Fortified Wall
41:24 Ballistics
40:45 Treadmill Crane
41:29 Pikeman
42:10 Squires
41:55 Arson
42:01 Arson
42:01 Hussar
44:37 Blast Furnace
43:32 Bodkin Arrow
43:53 Leather Archer Armor
43:19 Elite Skirmisher
Connection lost

Rejoining the realm…

Still unreachable

The connection could not be restored.

Session expired

The server has moved on; the page needs a fresh start.